Map: Ley Lines

Players

ShoWTimE

  • Race: Protoss Protoss
  • Spawn Location: 7:00

SHIN - Winner!

  • Race: Zerg Zerg
  • Spawn Location: 1:00

Event: DreamHack Dallas 2025

VOD

Have the link to the VOD?

Description

Time

  • Played on: May 24, 2025, 3:52 p.m.
  • Length: 10:58

All games in this series

Show
View Real Time Build Order
Export as new Build Order

ShoWTimE Protoss 

Build Orders: 1 Gate Expand, Oracle Opening 

Get SALT Encoding   

  12  0:00  Probe  
  13  0:12  Probe  
  14  0:17  Pylon  
  14  0:24  Probe  
  14  0:27  Assimilator  
  15  0:35  Probe  
  16  0:42  Gateway  
  16  0:43  Probe  
  17  0:51  Probe  
  18  1:03  Probe  
  19  1:19  Nexus  
  19  1:29  Cybernetics Core  
  19  1:32  Probe  
  20  1:37  Assimilator  
  20  1:44  Probe  
  20  1:46  Pylon  
  21  1:55  Adept  
  21  1:56  Probe  
  22  2:08  Probe  
  25  2:11  Stargate  
  25  2:15  Adept  
  25  2:20  Probe  
  26  2:23  Warp Gate  
  26  2:27  Probe  
  28  2:32  Probe  
  28  2:35  Probe  
  31  2:44  Probe  
  31  2:45  Adept, Probe  
  35  2:52  Pylon  
  35  2:56  Probe  
  35  2:57  Probe  
  37  2:59  Oracle  
  40  3:08  Probe  
  40  3:09  Probe  
  42  3:21  Probe  
  42  3:22  Probe  
  42  3:28  Oracle  
  42  3:29  Adept  
  42  3:33  Probe  
  42  3:34  Probe  
  47  3:42  Nexus  
  47  3:45  Probe  
  47  3:46  Probe  
  49  3:49  Pylon  
  49  3:54  Gateway  
  49  3:55  Oracle  
  49  3:57  Probe  
  49  3:58  Probe  
  51  4:08  Pylon  
  55  4:10  Probe  
  55  4:12  Probe  
  55  4:14  Assimilator  
  55  4:15  Assimilator  
  56  4:18  Adept  
  56  4:22  Probe  
  59  4:24  Probe  
  60  4:33  Forge  
  60  4:34  Probe  
  60  4:36  Probe, Twilight Council  
  62  4:42  Adept  
  64  4:46  Probe, Blink  
  64  4:48  Adept  
  64  4:49  Probe  
  64  4:50  Probe  
  68  4:58  Probe  
  68  4:59  Probe  
  70  5:01  Probe  
  69  5:08  Gateway  
  69  5:09  Gateway  
  69  5:10  Stalker, Probe x2  
  69  5:11  Stalker  
  75  5:18  Probe  
  75  5:20  Shield Battery  
  76  5:22  Probe, Protoss Ground Weapons Level 1  
  76  5:24  Probe  
  78  5:30  Probe x2  
  80  5:36  Probe  
  80  5:40  Stalker x2  
  80  5:41  Probe  
  80  5:42  Probe  
  83  5:43  Pylon  
  83  5:47  Assimilator  
  83  5:48  Probe  
  84  5:50  Assimilator  
  84  5:53  Probe  
  84  5:54  Pylon  
  85  5:57  Templar Archives  
  85  6:01  Probe x2  
  85  6:04  Pylon, Stalker x2  
  87  6:10  Stalker  
  93  6:12  Photon Cannon  
  93  6:15  Pylon  
  93  6:16  Stalker  
  95  6:23  Gateway  
  95  6:24  Gateway  
  95  6:29  Gateway  
  95  6:30  Gateway  
  95  6:37  Stalker  
  95  6:38  Stalker x2  
  101  6:40  Pylon  
  101  6:46  Stalker  
  103  6:52  Photon Cannon  
  103  6:54  Psionic Storm  
  103  6:55  Shield Battery  
  103  6:57  Pylon  
  101  7:01  Charge  
  101  7:04  Protoss Ground Armor Level 1  
  99  7:08  High Templar  
  99  7:10  High Templar x2  
  99  7:12  High Templar  
  99  7:14  Photon Cannon, Probe  
  108  7:20  Pylon  
  108  7:25  Photon Cannon  
  108  7:27  Shield Battery  
  108  7:30  Zealot x2  
  108  7:31  Zealot x2  
  116  7:37  Pylon  
  116  7:38  Pylon  
  116  7:48  Zealot x4  
  124  7:51  Robotics Facility  
  124  7:56  High Templar  
  124  7:58  High Templar x2  
  130  8:03  Pylon  
  130  8:04  Shield Battery  
  130  8:05  Shield Battery  
  130  8:08  Pylon  
  130  8:09  Zealot x2  
  134  8:16  Stalker x3  
  140  8:27  Pylon  
  140  8:29  Pylon  
  140  8:33  Nexus  
  140  8:34  Pylon  
  140  8:39  Zealot x5  
  150  8:43  Observer  
  150  8:44  Pylon  
  150  8:47  Probe x3  
  154  8:52  Warp Prism  
  154  8:53  Zealot x2  
  154  8:54  Zealot  
  160  9:01  Photon Cannon  
  162  9:08  Fleet Beacon  
  162  9:09  Stargate  
  162  9:10  Probe  
  162  9:12  Probe x2  
  165  9:21  Shield Battery  
  165  9:22  Shield Battery  
  165  9:23  Assimilator  
  165  9:25  Assimilator  
  165  9:30  Probe x3  
  168  9:37  Forge  
  168  9:42  High Templar x2  
  168  9:43  High Templar x2  
  176  9:49  Archon  
  176  9:56  Zealot x4  
  123  10:16  Zealot x5  
  123  10:17  Zealot  
  131  10:21  Zealot x2  
  117  10:31  Archon  
  117  10:32  Archon  
  105  10:38  Zealot x5  
  103  10:50  Archon  
  103  10:53  Zealot  
Show
View Real Time Build Order
Export as new Build Order

SHIN Zerg - Winner!

Build Orders: Hatch First, Lurkers, Roach Hydra 

Get SALT Encoding   

  12  0:00  Drone  
  13  0:08  Drone  
  14  0:15  Drone, Extractor  
  15  0:21  Overlord  
  15  0:41  Drone  
  16  0:45  Hatchery  
  16  0:48  Drone  
  16  0:52  Drone  
  16  0:56  Drone  
  18  1:07  Extractor  
  17  1:11  Spawning Pool  
  17  1:14  Drone  
  17  1:17  Drone  
  18  1:27  Drone  
  19  1:37  Drone  
  20  1:51  Drone  
  21  1:57  Queen  
  21  1:58  Queen  
  21  1:59  Zergling x2  
  21  2:00  Overlord  
  26  2:08  Drone  
  27  2:10  Drone  
  27  2:12  Metabolic Boost  
  28  2:19  Drone  
  28  2:21  Drone  
  30  2:30  Drone  
  30  2:31  Drone  
  32  2:37  Hatchery  
  32  2:40  Zergling x2  
  32  2:44  Queen  
  32  2:48  Overlord  
  34  2:52  Zergling x2  
  34  2:54  Zergling x2  
  36  3:08  Zergling x2  
  36  3:10  Drone  
  36  3:11  Drone x6  
  41  3:22  Drone x2  
  41  3:26  Spore Crawler  
  42  3:28  Drone  
  42  3:30  Drone  
  43  3:36  Overlord  
  43  3:38  Drone  
  44  3:42  Overlord  
  44  3:45  Spore Crawler  
  44  3:47  Drone  
  44  3:48  Queen  
  44  3:51  Drone x3  
  44  3:54  Drone  
  50  3:58  Queen  
  52  4:03  Drone  
  52  4:04  Drone x2  
  55  4:10  Zergling x6  
  55  4:12  Overlord  
  58  4:18  Drone x2  
  59  4:28  Drone x3  
  59  4:29  Drone x3  
  59  4:30  Drone x2  
  59  4:31  Drone  
  65  4:32  Drone  
  66  4:40  Zergling x4  
  66  4:42  Drone  
  66  4:45  Lair  
  69  4:47  Extractor  
  69  4:48  Drone  
  69  4:49  Roach Warren  
  68  4:53  Zergling x8  
  68  4:57  Overlord  
  72  5:00  Drone, Extractor  
  72  5:04  Drone  
  72  5:06  Drone x2  
  70  5:07  Drone x4  
  70  5:09  Overlord  
  73  5:16  Drone x2  
  73  5:19  Drone x4  
  79  5:25  Drone x2  
  79  5:27  Evolution Chamber  
  80  5:28  Spore Crawler  
  80  5:31  Drone  
  80  5:34  Drone  
  80  5:37  Drone  
  80  5:40  Drone x3  
  80  5:42  Extractor  
  81  5:43  Drone  
  81  5:44  Drone x3, Extractor  
  81  5:45  Drone, Extractor  
  81  5:46  Hydralisk Den  
  81  5:47  Drone  
  81  5:48  Drone  
  86  5:50  Drone x2  
  86  5:53  Drone  
  86  5:55  Glial Reconstitution  
  86  5:56  Zerg Missile Weapons Level 1  
  88  5:59  Overlord  
  88  6:01  Drone  
  89  6:08  Hatchery  
  88  6:14  Overlord  
  88  6:17  Muscular Augments  
  88  6:19  Hydralisk  
  88  6:20  Hydralisk x3  
  88  6:25  Hydralisk  
  97  6:27  Overlord  
  97  6:28  Overlord  
  97  6:32  Hydralisk x3  
  96  6:38  Hydralisk  
  96  6:39  Overlord  
  104  6:40  Overlord  
  104  6:46  Zergling x2, Hydralisk  
  104  6:47  Zergling x8  
  110  6:53  Zergling x8  
  115  7:02  Overseer  
  115  7:03  Drone  
  115  7:04  Hatchery, Infestation Pit, Hydralisk  
  115  7:05  Hydralisk x2  
  117  7:11  Hydralisk  
  117  7:12  Hydralisk x2  
  117  7:15  Overlord  
  123  7:19  Hydralisk x2  
  123  7:21  Grooved Spines  
  127  7:27  Drone x2  
  127  7:29  Overlord x3  
  129  7:30  Overlord  
  129  7:34  Drone x3  
  132  7:40  Roach x2  
  132  7:43  Overlord x3  
  136  7:48  Drone x3  
  139  7:52  Roach x2  
  139  7:56  Hive  
  139  7:57  Drone  
  144  7:58  Extractor  
  144  8:01  Drone, Lurker Den  
  144  8:02  Drone  
  144  8:05  Roach x2  
  148  8:07  Drone  
  148  8:08  Overseer  
  148  8:09  Extractor  
  148  8:13  Roach x3  
  148  8:14  Drone  
  148  8:16  Drone  
  148  8:17  Drone  
  148  8:19  Roach  
  157  8:22  Roach x2  
  157  8:23  Roach  
  159  8:28  Pneumatized Carapace  
  159  8:29  Roach, Spore Crawler  
  159  8:30  Overlord  
  159  8:33  Zerg Missile Weapons Level 2  
  160  8:35  Roach  
  160  8:37  Overlord  
  160  8:41  Drone  
  162  8:59  Lurker x7  
  169  9:04  Spine Crawler  
  169  9:09  Hydralisk x5, Seismic Spines  
  178  9:11  Roach x2  
  178  9:12  Zergling x20  
  190  9:17  Roach  
  190  9:18  Roach x3  
  190  9:23  Lurker  
  199  9:35  Lurker  
  199  9:52  Roach  
  199  9:54  Roach  
  199  10:02  Roach  
  199  10:03  Roach  
  199  10:04  Hydralisk  
  199  10:05  Roach  
  199  10:06  Roach x2  
  198  10:09  Roach x3  
  198  10:10  Hydralisk  
  198  10:11  Roach x5, Hydralisk  
  198  10:12  Roach x4, Lurker  
  199  10:18  Roach, Hydralisk  
  199  10:19  Hydralisk  
  199  10:22  Roach x2  
  199  10:23  Roach x3  
  199  10:24  Roach x4  
  199  10:25  Overlord  
  199  10:26  Overlord  
  199  10:27  Overlord  
  192  10:29  Roach  
  192  10:30  Roach  
  192  10:31  Hydralisk  
  192  10:32  Overlord  
  192  10:38  Overlord, Overseer x3  
  192  10:39  Hatchery  
  189  10:47  Unknown  
Tags
 
Add a new tag
Caveats
  • Supply blocks, unpowered buildings, or Contaminate may cause inaccurate times.
  • Supply counts are checked every 10 seconds.